 Dungeon Crawl Stone Soup version 0.29-a0-834-g1e95ca9f62 (webtiles) character file.

Game seed: 16226462475839112358

92 blackman the Ruffian (level 4, -6/33 HPs)
             Began as a Human Warper on July 12, 2022.
             Splashed by a jelly's acid (11 damage)
             ... on level 4 of the Dungeon.
             The game lasted 00:04:29 (3988 turns).

blackman the Ruffian (Human Warper)                 Turns: 3988, Time: 00:04:30

Health: -6/33      AC: -5    Str: 14    XL:     4   Next: 90%
Magic:  7/7        EV: 11    Int: 13    God:
Gold:   111        SH:  5    Dex: 12    Spells: 7/7 levels left

rFire   . . .      SeeInvis .     - Unarmed
rCold   . . .      Faith    .   (no shield)
rNeg    . . .      Spirit   .   a - +0 leather armour
rPois   .          Reflect  +   l - +0 helmet
rElec   .          Harm     .   e - +0 cloak
rCorr   .          Rampage  .   (no gloves)
Will    .....                   k - +0 pair of boots
Stlth   +.........              q - amulet of reflection
HPRegen 0.11/turn               (no ring)
MPRegen 0.10/turn               (no ring)

@: corroded
A: no striking features
a: no special abilities


You were on level 4 of the Dungeon.
You visited 1 branch of the dungeon, and saw 4 of its levels.

You collected 111 gold pieces.

Inventory:

Missiles
 c - 7 boomerangs of dispersal (quivered)
Armour
 a - a +0 leather armour (worn)
 e - a +0 cloak (worn)
 k - a +0 pair of boots (worn)
 l - a +0 helmet (worn)
Jewellery
 q - an amulet of reflection (around neck)
Scrolls
 b - a scroll of blinking
 d - 3 scrolls of identify
 g - 2 scrolls of teleportation
 h - a scroll of fog
 i - 2 scrolls of poison
 j - a scroll of silence
Potions
 f - 2 potions of curing
 m - a potion of haste
 n - 2 potions of mutation {unknown}
 o - a potion of flight {unknown}
 p - a potion of might {unknown}


   Skills:
 - Level 2.0 Fighting
 - Level 1.0 Throwing
 - Level 1.0 Armour
 - Level 2.0 Dodging
 + Level 4.7 Unarmed Combat
 - Level 2.0 Spellcasting
 - Level 3.0 Translocations


You had 7 spell levels left.
You didn't know any spells.
Your spell library contained the following spells:

 Spells                   Type           Power      Damage    Failure   Level
 Blink                    Tloc           18%        N/A       14%         2
 Gell's Gravitas          Tloc           9%         N/A       26%         3
 Lesser Beckoning         Tloc           9%         N/A       26%         3
 Teleport Other           Tloc           9%         N/A       26%         3
 Sandblast                Erth           2%         2d4       30%         1
 Passwall                 Tmut/Erth      0%         N/A       43%         2
 Frozen Ramparts          Ice            2%         1d2       67%         3
 Stone Arrow              Conj/Erth      2%         3d7       67%         3
 Manifold Assault         Tloc           9%         N/A       94%         5
 Ice Form                 Ice/Tmut       1%         N/A       97%         4
 Summon Ice Beast         Ice/Summ       1%         N/A       97%         4


Dungeon Overview and Level Annotations

Branches:
Dungeon (4/15)
 Temple: D:4-7

Altars:
Hepliaklqana
Makhleb


Message History

You see here an adder skeleton.
Found a dagger.
Found a stone staircase leading up.
You pick up a book of Geomancy and begin reading...
You add the spells Sandblast, Passwall and Stone Arrow to your library.
Key pressed, stopping explore.
Key pressed, stopping explore.
Key pressed, stopping explore.
Key pressed, stopping explore.
Key pressed, stopping explore.
Key pressed, stopping explore.
Key pressed, stopping explore.
Key pressed, stopping explore.
A jelly comes into view.
A jelly is nearby!
A jelly is nearby!
A jelly is nearby!
A jelly is nearby!
A jelly is nearby!
Okay, then.
Unknown command.
You aren't carrying any items that you can evoke.
The jelly jiggles.
The jelly hits you but does no damage.
You punch the jelly! The acid corrodes you!
Your hands burn!
The jelly is heavily wounded.
The jelly hits you but does no damage.
You hit the jelly. The acid corrodes you!
Your hands burn!
You punch the jelly, but do no damage.
The jelly is severely wounded.
You hit the jelly.
Your hands burn!
The jelly is severely wounded.
The jelly hits you.
You are splashed with acid!
You hit the jelly.
Your hands burn!
* * * LOW HITPOINT WARNING * * *
The jelly is severely wounded.
The jelly hits you.
* * * LOW HITPOINT WARNING * * *
The acid corrodes you!
You are splashed with acid!
You die...

#.##.## #.#
#.##.# #### #.
#.##.####...
#.
#......##.<.
#.
#.......#...
#. ##J#####.#
. #. #..#
#.####
##.######.##
#.##.#
#..#@.....###
#..#.#
#.J###....#
##.... #....##
#....########.
#..###
#.............
###
#....####.....
#....# #......
###### #......
#......
#......


You could see a jelly.

Vanquished Creatures
  An iguana (D:4)
  An adder (D:4)
  3 ball pythons
  6 bats
  6 endoplasms
  A giant cockroach (D:1)
  4 goblins
  7 hobgoblins
  12 jackals
  A quokka (D:1)
  2 frilled lizards (D:1)
  4 kobolds
  3 rats
51 creatures vanquished.

Vanquished Creatures (others)
  A plant (D:3)
1 creature vanquished.

Grand Total: 52 creatures vanquished

Notes
Turn   | Place    | Note
-------+----------+-------------------------------------------
     0 | D:1      | blackman the Human Warper began the quest for the Orb.
     0 | D:1      | Reached XP level 1. HP: 16/16 MP: 3/3
   452 | D:1      | Reached XP level 2. HP: 2/22 MP: 5/5
  1138 | D:1      | Found a faded altar of an unknown god.
  1152 | D:1      | Reached skill level 3 in Unarmed Combat
  1921 | D:2      | Reached XP level 3. HP: 27/27 MP: 6/6
  3193 | D:3      | Found a hazy altar of Hepliaklqana.
  3194 | D:3      | Found a faded altar of an unknown god.
  3196 | D:3      | Found a faded altar of an unknown god.
  3205 | D:3      | Reached skill level 4 in Unarmed Combat
  3205 | D:3      | Reached XP level 4. HP: 32/33 MP: 7/7
  3401 | D:3      | Found a burning altar of Makhleb.
  3412 | D:3      | Noticed an ogre
  3988 | D:4      | Splashed by a jelly's acid

Illustrated notes

Levels and vault maps discovered:
D:1:      sevenhm_arrival_forest_fort_small_6, layout_basic,
          ebering_ecumenical_altar_webs, hex_large
D:2:      layout_basic
D:3:      layout_loops_cross, bloody_makhleb,
          nicolae_hepliaklqana_ecumenical_no_more, saegor_snake_ambush
D:4:      layout_rooms, cheibrodos_ashenzari_chains,
          minmay_temple_entry_poolview, grunt_ministairs_12, uniq_edmund

Skill      XL: |  1  2  3 |
---------------+----------+-----
Unarmed Combat | 3 4 |  4.7
Fighting       | |  2.0
Throwing       | |  1.0
Armour         | |  1.0
Dodging        | |  2.0
Spellcasting   | |  2.0
Translocations | |  3.0

Action                   |  1- 3 |  4- 6 || total
-------------------------+-------+-------++-------
Melee: Unarmed           |   146 |    51 ||   197
       Punch             |     3 |     2 ||     5
  Use: Scroll            |     5 |     1 ||     6
       Potion            |     2 |       ||     2
 Stab: Sleeping          |       |     2 ||     2
Armor: Leather armour    |    90 |    26 ||   116
Dodge: Dodged            |   104 |    17 ||   121
Block: Other             |       |     5 ||     5

Table legend: (Time is in decaauts)
 A = Elapsed time spent in this place.
 B = Non-inter-level travel time spent in this place.
 C = Inter-level travel time spent in this place.
 D = Time resting spent in this place.
 E = Time spent auto-exploring this place.
 F = Levels seen in this place.
 G = Mean time per level.
                   A        B        C        D        E       F      G
               +--------+--------+--------+--------+--------+-----+--------+
         Total |   3957 |   3884 |     73 |    816 |   2576 |   4 |  989.2 |
       Dungeon |   3957 |   3884 |     73 |    816 |   2576 |   4 |  989.2 |
               +--------+--------+--------+--------+--------+-----+--------+

Top non-repeatable levels by time:
     D:1: 1886 daAuts
     D:2: 988 daAuts
     D:4: 544 daAuts
     D:3: 537 daAuts
